 Dungeon Sprint DCSS version 0.29.1-15-g9cfb28693d (webtiles) character file.

Game seed: 3267041075289064830

2828 person50605 the Arsonist (level 9, -1/65 HPs)
             Began as a Demonspawn Fire Elementalist on Mar 1, 2023.
             Was the Champion of Wu Jian.
             Slain by a +3 long sword of holy wrath (4 damage)
             ... in the Dungeon (Sprint V: "Ziggurat Sprint") on Mar 2, 2023.
             The game lasted 00:17:56 (663 turns).

person50605 the Arsonist (DsFE)                      Turns: 663, Time: 00:17:56

Health: -1/65      AC: 21    Str: 12    XL:     9   Next: 45%
Magic:  20/21      EV:  7    Int: 20    God:    Wu Jian [******]
Gold:   0          SH: 11    Dex: 21    Spells: 21/24 levels left

rFire   . . .      SeeInvis +   C - +7 Screaming Sword {vorpal, sonic wave}
rCold   . . .      Faith    .   O - +1 buckler of Joroz {Int+4 SInv}
rNeg    . . .      Spirit   .   B - +5 shadow dragon scales
rPois   .          Reflect  +   (no helmet)
rElec   .          Harm     .   (no cloak)
rCorr   .          Rampage  .   (no gloves)
Will    .....      NoTele   +   (no boots)
Stlth   +++++.....              J - amulet of reflection
HPRegen 0.20/turn               t - ring of flight
MPRegen 0.17/turn               u - +6 ring of dexterity

@: flying
A: yellow scales 2, powered by death 1, spiny 1
a: Renounce Religion, Wall Jump, Serpent's Lash, Heavenly Storm


You were in the Dungeon.
You worshipped Wu Jian.
Wu Jian was exalted by your worship.
You visited 1 branch

Inventory:

Hand Weapons
 C - the +7 Screaming Sword (weapon) {vorpal, sonic wave}
   (You found it in the Dungeon)

   It inflicts extra damage upon your enemies.
   It radiates damaging sonic waves as it strikes, especially in combat
   involving dangerous or numerous foes.
 D - the +9 sword of Zonguldrok {reap}
   (You found it in the Dungeon)

   Any living foe damaged by it may be reanimated upon death as a zombie
   friendly to the wielder, with an increasing chance as more damage is dealt.
Missiles
 M - 11 large rocks
Armour
 a - a +0 robe
 B - +5 shadow dragon scales (worn)
 O - the +1 buckler of Joroz (worn) {Int+4 SInv}
   (You found it in the Dungeon)

   Int:       It affects your intelligence (+4).
   SInv:      It lets you see invisible.
Magical Staves
 K - a staff of fire
Jewellery
 t - a ring of flight (left hand)
 u - a +6 ring of dexterity (right hand)
 v - a +6 ring of dexterity
 w - a +6 ring of intelligence
 x - a +6 ring of intelligence
 y - a +6 ring of strength
 z - a +6 ring of strength
 I - a ring of wizardry
 J - an amulet of reflection (around neck)
Wands
 q - a wand of mindburst (7)
 r - a wand of iceblast (7)
 s - a wand of acid (7)
Scrolls
 g - 4 scrolls of blinking
 m - 4 scrolls of amnesia
 n - 7 scrolls of fog
 o - 4 scrolls of identify
 p - 2 scrolls of fear
 G - a scroll of brand weapon
Potions
 b - 8 potions of magic
 c - 10 potions of curing
 d - 7 potions of heal wounds
 e - 6 potions of haste
 f - 3 potions of berserk rage
 h - 2 potions of brilliance
 i - 3 potions of invisibility
 j - 4 potions of resistance
 l - 5 potions of might
 F - a potion of degeneration
Miscellaneous
 k - a piece from Xom's chessboard (15/15)
 A - a lightning rod (4/4)
 E - a lightning rod (4/4)
 H - a tin of tremorstones (2/2)
 L - a lightning rod (4/4)
 N - a piece from Xom's chessboard (15/15)


   Skills:
 + Level 4.2 Fighting
 + Level 8.8 Long Blades
 + Level 4.6 Armour
 + Level 6.3 Dodging
 + Level 8.0 Stealth
 * Level 2.0 Shields
 + Level 8.1 Spellcasting
 + Level 3.1 Conjurations
 + Level 11.8 Fire Magic
 + Level 2.4 Evocations


You had 21 spell levels left.
You knew the following spells:

 Your Spells              Type           Power      Damage    Failure   Level
a - Foxfire               Conj/Fire      100%       2x1d9     17%         1
b - Scorch                Fire           100%       2d10      4%          2

Your spell library contained the following spells:

 Spells                   Type           Power      Damage    Failure   Level
 Conjure Flame            Conj/Fire      38%        6-21      45%         3
 Inner Flame              Hex/Fire       31%        N/A       67%         3
 Flame Wave               Conj/Fire      38%        2d10      86%         4
 Ignite Poison            Fire/Tmut/Pois 23%        N/A       91%         3
 Poisonous Vapours        Pois/Air       16%        N/A       99%         2
 Mephitic Cloud           Conj/Pois/Air  12%        N/A       100%        3
 Freezing Cloud           Conj/Ice/Air   6%         6-21      100%        5
 Silence                  Hex/Air        4%         N/A       100%        5
 Chain Lightning          Conj/Air       7%         3d9       100%        9


Dungeon Overview and Level Annotations

Branches:
Dungeon (1/1)

Altars:
Ashenzari
Cheibriados
Dithmenos
Fedhas
Gozag
Hepliaklqana
Kikubaaqudgha
Makhleb
Nemelex Xobeh
Okawaru
Qazlal
Ru
Sif Muna
Trog
Uskayaw
Vehumet
Wu Jian
Xom
Yredelemnul
Jiyva
Lugonu

Annotations:
D 1 transporter


Innate Abilities, Weirdness & Mutations

You are mostly covered in yellow scales. (AC +3)
You regenerate a little health from kills.
You are partially covered in sharp spines.


Message History

The thunderbolt hits the deep elf zephyrmancer!!
The deep elf zephyrmancer is heavily wounded.
The thunderbolt hits the earth elemental.
The earth elemental completely resists.
The thunderbolt hits the deep elf zephyrmancer!!
You kill the deep elf zephyrmancer!
The Council accepts your kill.
The thunderbolt hits the +3 long sword of holy wrath.
The +3 long sword of holy wrath completely resists.
The +3 long sword of holy wrath is struck by your spines.
The +3 long sword of holy wrath hits you but does no damage.
Your lightning rod (4/4) has regained three charges.
Your Fighting skill increases to level 4!
Your Stealth skill increases to level 8!
Your Shields skill gained 2 levels and is now at level 2!
Your Spellcasting skill increases to level 8!
Your Evocations skill increases to level 2!
You hit the +3 long sword of holy wrath.
The +3 long sword of holy wrath is moderately damaged.
The +3 long sword of holy wrath is struck by your spines.
The +3 long sword of holy wrath hits you!
You convulse.
The +3 long sword of holy wrath hits you.
You convulse.
You miss the +3 long sword of holy wrath.
The +3 long sword of holy wrath is moderately damaged.
The +3 long sword of holy wrath hits you but does no damage.
The deep elf zephyrmancer gestures wildly while chanting.
The deep elf zephyrmancer blinks!
You spin and attack the +3 long sword of holy wrath.
You barely miss the +3 long sword of holy wrath.
The +3 long sword of holy wrath is moderately damaged.
You block the +3 long sword of holy wrath's attack.
The deep elf zephyrmancer points at you and mumbles some strange words.
The bolt of lightning hits you!
* * * LOW HITPOINT WARNING * * *
The +3 long sword of holy wrath hits you.
* * * LOW HITPOINT WARNING * * *
You convulse.
You die...

▓▓▓▓▓▓▓▓▓▓▓▓▓▓▓▓▓▓▓
▓...8©8...▓..8©8..▓
▓..[)[=...▓.......▓
▓...}})...▓..))...▓
▓....)....▓.......▓
▓....E....▓.......▓
▓...e§....▓.......▓
▓...e(e...▓.......▓
▓.▓.@...▓.▓.▓...▓.▓
▓....©.e..▓...©...▓
▓▓▓▓▓▓▓▓▓▓▓▓▓▓▓▓▓▓▓
▓..8©8..▓ ▓..))...▓
▓...[}..▓ ▓..)....▓
▓.......▓ ▓..†....▓


You could see a deep elf knight, an earth elemental, 3 deep elf zephyrmancers
and a +3 long sword of holy wrath.

Vanquished Creatures
  A deep elf zephyrmancer (D)
  2 cyclopes (D)
  A yaktaur (D)
  Sigmund (D)
  3 fire elementals (D)
  A water moccasin (D)
  4 ogres (D)
  A centaur (D)
  A phantom (D)
  Blork the orc (D)
  A necrophage (D)
  A quasit (D)
  Crazy Yiuf (D)
  Jessica (D)
  An adder (D)
  A white imp (D)
  An adder skeleton (D)
  3 bat zombies (D)
  3 ball pythons (D)
  A giant cockroach zombie (D)
  A fire vortex (D)
31 creatures vanquished.

Notes
Turn   | Place    | Note
-------+----------+-------------------------------------------
     0 | D        | person50605 the Demonspawn Fire Elementalist began the
                  | quest for the Orb.
     0 | D        | Reached XP level 1. HP: 13/13 MP: 3/3
     0 | D        | Found a shimmering blue altar of Sif Muna.
     0 | D        | Found a bloodstained altar of Trog.
     0 | D        | Found a sacrificial altar of Ru.
     0 | D        | Found a stormy altar of Qazlal.
     0 | D        | Found an iron altar of Okawaru.
     1 | D        | Found a sparkling altar of Nemelex Xobeh.
     1 | D        | Found a blossoming altar of Fedhas.
     1 | D        | Found the +6 Majin-Bo {vamp, MP+6 Int+6}
     1 | D        | Found the +9 heavy crossbow "Sniper" {vorpal, Acc+∞ SInv}
     1 | D        | Found the +10 dark maul {vorpal}
     1 | D        | Found the +15 Maxwell's patent armour {-Cast -Tele rElec
                  | Will+ rCorr}
     1 | D        | Found the +18 shield of the Gong {rElec rN+ Will+ EV-5}
     1 | D        | Found the +14 obsidian axe {vorpal, Mesm Drain Fly SInv}
     1 | D        | Found the +7 great mace "Firestarter" {inner flame, rF++}
     1 | D        | Found the +6 shillelagh "Devastator" {shatter}
     1 | D        | Found the +11 plutonium sword {Contam Stlth-}
     1 | D        | Found the +8 lance "Wyrmbane" {slay drac, rPois rF+ rC+
                  | AC+3}
     1 | D        | Found the +9 sword of Zonguldrok {reap}
     1 | D        | Found the +13 scythe of Curses {drain, Drain}
     1 | D        | Found the +5 sword of Power {vorpal}
     1 | D        | Found the +7 mace of Variability {chain chaos}
     1 | D        | Found the +7 Singing Sword {vorpal, sonic wave}
     1 | D        | Found the +8 storm bow {elec, penet}
     3 | D        | Found a transporter.
     3 | D        | Found an ancient bone altar of Kikubaaqudgha.
     3 | D        | Found a viscous altar of Jiyva.
     3 | D        | Found a corrupted altar of Lugonu.
     3 | D        | Found a hazy altar of Hepliaklqana.
     3 | D        | Found a burning altar of Makhleb.
     3 | D        | Found an opulent altar of Gozag.
    71 | D        | Reached skill level 3 in Fire Magic
    71 | D        | Gained mutation: You are partially covered in yellow
                  | scales. (AC +2) [demonic ancestry]
    71 | D        | Reached XP level 2. HP: 19/19 MP: 4/6
    99 | D        | Became a worshipper of the Wu Jian Council
   114 | D        | Entered arena 2.
   114 | D        | Noticed a yaktaur
   114 | D        | Noticed a centaur
   114 | D        | Found a transporter.
   117 | D        | Killed a centaur
   118 | D        | Reached skill level 5 in Fire Magic
   118 | D        | Reached XP level 3. HP: 3/24 MP: 6/8
   118 | D        | Gained mutation: You are mostly covered in yellow scales.
                  | (AC +3) [demonic ancestry]
   118 | D        | Reached XP level 4. HP: 4/30 MP: 7/10
   122 | D        | Killed a yaktaur
   123 | D        | Reached skill level 1 in Fighting
   123 | D        | Reached skill level 5 in Spellcasting
   123 | D        | Reached skill level 8 in Fire Magic
   123 | D        | Reached XP level 5. HP: 37/37 MP: 8/13
   123 | D        | Reached XP level 6. HP: 43/43 MP: 8/14
   130 | D        | Learned a level 2 spell: Scorch
   133 | D        | Entered arena 3.
   133 | D        | Found a transporter.
   137 | D        | Reached * piety under Wu Jian
   140 | D        | Reached skill level 9 in Fire Magic
   141 | D        | Reached skill level 5 in Dodging
   141 | D        | Reached skill level 5 in Stealth
   168 | D        | Entered arena 4.
   168 | D        | Noticed a fire elemental
   168 | D        | Noticed a fire elemental
   168 | D        | Noticed a fire elemental
   168 | D        | Found a transporter.
   172 | D        | Killed a fire elemental
   172 | D        | Reached ** piety under Wu Jian
   173 | D        | Reached skill level 5 in Long Blades
   173 | D        | Reached skill level 1 in Armour
   173 | D        | Gained mutation: You are partially covered in sharp spines.
                  | [demonic ancestry]
   173 | D        | Reached XP level 7. HP: 49/49 MP: 16/16
   174 | D        | Killed a fire elemental
   175 | D        | Reached skill level 10 in Fire Magic
   175 | D        | Killed a fire elemental
   181 | D        | Got the Atlas of Conduction
   393 | D        | Entered arena 5.
   393 | D        | Noticed Sigmund
   393 | D        | Noticed Jessica
   393 | D        | Noticed Blork the orc
   393 | D        | Noticed Crazy Yiuf
   393 | D        | Found a transporter.
   394 | D        | Killed Jessica
   395 | D        | Killed Crazy Yiuf
   395 | D        | Reached *** piety under Wu Jian
   396 | D        | Killed Sigmund
   397 | D        | Reached XP level 8. HP: 57/57 MP: 18/18
   400 | D        | Killed Blork the orc
   415 | D        | Entered arena 6.
   415 | D        | Found a transporter.
   420 | D        | Reached **** piety under Wu Jian
   437 | D        | Entered arena 7.
   438 | D        | Found a transporter.
   440 | D        | Reached ***** piety under Wu Jian
   470 | D        | Entered arena 8.
   470 | D        | Noticed a cyclops
   470 | D        | Noticed a cyclops
   471 | D        | Found a transporter.
   475 | D        | Reached skill level 11 in Fire Magic
   475 | D        | Reached skill level 1 in Evocations
   477 | D        | Reached ****** piety under Wu Jian
   479 | D        | Killed a cyclops
   480 | D        | Gained mutation: You regenerate a little health from kills.
                  | [demonic ancestry]
   480 | D        | Reached XP level 9. HP: 30/64 MP: 20/20
   480 | D        | Killed a cyclops
   646 | D        | Got the +1 buckler of Joroz {Int+4 SInv}
   656 | D        | Entered arena 9.
   656 | D        | Noticed a deep elf knight
   656 | D        | Noticed a deep elf zephyrmancer
   656 | D        | Noticed a deep elf zephyrmancer
   656 | D        | Noticed a deep elf zephyrmancer
   656 | D        | Noticed a +3 long sword of holy wrath
   656 | D        | Noticed a deep elf zephyrmancer
   657 | D        | Found a transporter.
   660 | D        | Killed a deep elf zephyrmancer
   663 | D        | HP: 3/65 [+3 long sword of holy wrath (4)]
   663 | D        | Slain by a +3 long sword of holy wrath

Illustrated notes

Levels and vault maps discovered:
D:        sprint_v [room_start, room_1, room_2, room_3, room_4, room_5, room_6,
          room_7, room_8, room_9, room_10, room_11, room_12, room_13, room_14,
          room_15, room_16, room_17, room_18, room_19, room_20, room_21,
          room_22, room_23, room_24, room_25, room_26, room_27]

Skill      XL: |  1  2  3  4  5  6  7  8  9 |
---------------+----------------------------+-----
Long Blades    | 3 4 5 7 8 |  8.8
Dodging        | 3 4 5 6 |  6.3
Stealth        | 3 4 5 6 7 8 |  8.0
Spellcasting   | 3 4 5 6 7 8 |  8.1
Conjurations   | 2 3 |  3.1
Fire Magic     | 3 5 8 9 10 11 | 11.8
Fighting       | 1 2 3 4 |  4.2
Armour         | 1 2 3 4 |  4.6
Evocations     | 1 2 |  2.4
Shields        | 2 |  2.0

Action                   |  1- 3 |  4- 6 |  7- 9 || total
-------------------------+-------+-------+-------++-------
Melee: Double sword      |     1 |    10 |    24 ||    35
Invok: Lunge             |     1 |     3 |       ||     4
       Whirlwind         |       |     1 |     5 ||     6
Evoke: Lightning rod     |       |       |     8 ||     8
  Use: Potion            |     1 |     2 |     1 ||     4
       Scroll            |       |       |     1 ||     1
 Stab: Sleeping          |       |     2 |     1 ||     3
Armor: Shadow dragon sca |     1 |     5 |    27 ||    33
Dodge: Dodged            |     1 |     1 |     8 ||    10
Block: Buckler           |       |       |     1 ||     1
